 Dungeon Crawl Stone Soup version 0.23.1-41-g7e51ed3 (webtiles) character file.

Game seed: 6639563942853516808

109 night the Sneak (level 4, -5/24 HPs)
             Began as a Gargoyle Earth Elementalist on Mar 29, 2019.
             Killed by divine providence
             ... invoked by an orc priest
              (13 damage)
             ... on level 3 of the Dungeon.
             The game lasted 00:04:51 (2034 turns).

night the Sneak (Gargoyle Earth Elementalist)       Turns: 2034, Time: 00:04:55

Health: -5/24      AC:  5    Str: 12    XL:     4   Next: 89%
Magic:  6/7        EV: 11    Int: 15    God:
Gold:   74         SH:  0    Dex: 11    Spells: 4/7 levels left

rFire    . . .     SeeInvis .   p - +0 dagger
rCold    . . .     Gourm    .   k - +0 buckler
rNeg     + . .     Faith    .   c - +0 robe
rPois    ∞         Spirit   .   (no helmet)
rElec    +         Reflect  .   (no cloak)
rCorr    .         Harm     .   (no gloves)
MR       .....                  (no boots)
Stlth    +.........             (no amulet)
HPRegen  0.08/turn              (no ring)
MPRegen  0.10/turn              (no ring)

@: confused
A: negative energy resistance 1, electricity resistance, unbreathing,
petrification resistance, rot immunity, AC +3
a: no special abilities


You were on level 3 of the Dungeon.
You were not hungry.

You visited 1 branch of the dungeon, and saw 3 of its levels.

You collected 74 gold pieces.

Inventory:

Hand Weapons
 o - a +2 mace of protection
 p - a +0 dagger (weapon)
Missiles
 b - 42 stones (quivered)
 h - a throwing net
 l - 36 sling bullets
Armour
 a - a +0 ring mail
 c - a +0 robe (worn)
 k - a +0 buckler (worn)
Jewellery
 n - an uncursed amulet of the gourmand {unknown}
Scrolls
 e - a scroll of enchant armour {unknown}
 f - 4 scrolls of identify {unknown}
 i - a scroll of random uselessness
 m - a scroll of magic mapping
Comestibles
 d - 3 rations
 j - a chunk of flesh


   Skills:
 + Level 0.9 Short Blades
 - Level 1.5 Dodging
 + Level 5.5 Stealth
 - Level 2.0 Spellcasting
 - Level 0.7 Transmutations
 - Level 3.6 Earth Magic


You had 4 spell levels left.
You knew the following spells:

 Your Spells              Type           Power        Failure   Level  Hunger
a - Sandblast             Erth           ##....       9%          1    #......
b - Passwall              Tmut/Erth      #.......     22%         2    ###....

Your spell library contained the following spells:

 Spells                   Type           Power        Failure   Level  Hunger
 Stone Arrow              Conj/Erth      #.....       47%         3    ###....
 Petrify                  Tmut/Erth      #.......     83%         4    #####..
 Lee's Rapid Deconstruct  Erth           ##........   93%         5    ######.


Dungeon Overview and Level Annotations

Branches:
Dungeon (3/15)

Altars:


Innate Abilities, Weirdness & Mutations

You are resistant to torment.
Your stone body is resilient. (AC +3)
You are immune to poison.
You resist negative energy. (rN+)
You are resistant to electric shocks. (rElec)
You can survive without breathing.
You are immune to petrification.
You are immune to rotting.


Message History

The blast of sand hits the orc priest.
The orc priest is severely wounded.
b - 42 stones The orc priest hits you but does no damage.
You hit the orc priest but do no damage.
The orc priest is severely wounded.
The orc priest mumbles some strange prayers to Beogh against you.
Beogh smites you!
Ouch! That really hurt!
* * * LOW HITPOINT WARNING * * *
You hear a shout!
You aren't carrying any items that you can evoke.
Okay, then.
It was a potion of ambrosia.
You are confused.
You feel invigorated.
The orc priest calls down the wrath of Beogh upon you.
Beogh smites you!
Ouch! That really hurt!
You die...

#.# #.# #.# #.#
#.#####.#####.##.
#.#..............
#.###.#.#.###...
###.###.#.#...####.##
#<......#.#.#.......#
###.#####.#.#########.#
#.# #.......@o)o..# #.#
###.########### #.# #.#
#.# #.# #.# #.# #.# #.#
#.# #.


You could see an orc priest and an orc.

Vanquished Creatures
  An orc priest (D:3)
  4 adders (D:2)
  An ooze (D:1)
  2 worms (D:2)
  2 dart slugs (D:2)
  2 giant cockroaches (D:2)
  4 goblins (D:2)
  A hobgoblin (D:2)
  7 bats (D:2)
  A frilled lizard (D:2)
  6 kobolds
  3 rats
34 creatures vanquished.

Notes
Turn   | Place    | Note
-------+----------+-------------------------------------------
     0 | D:1      | night the Gargoyle Earth Elementalist began the quest for
                  | the Orb.
     0 | D:1      | Reached XP level 1. HP: 10/10 MP: 3/3
   395 | D:1      | Reached skill level 3 in Stealth
   395 | D:1      | Reached XP level 2. HP: 15/15 MP: 1/5
   443 | D:1      | Learned a level 2 spell: Passwall
   851 | D:2      | Reached skill level 4 in Stealth
   851 | D:2      | Reached XP level 3. HP: 14/19 MP: 2/6
  1108 | D:2      | Reached skill level 5 in Stealth
  1108 | D:2      | Reached XP level 4. HP: 14/24 MP: 0/7
  2034 | D:3      | Killed from afar by an orc priest

Skill      XL: |  1  2  3 |
---------------+----------+-----
Stealth        | 3 4 5 |  5.5
Short Blades   | |  0.9
Dodging        | |  1.5
Spellcasting   | |  2.0
Transmutations | |  0.7
Earth Magic    | |  3.6

Action                   |  1- 3 |  4- 6 || total
-------------------------+-------+-------++-------
Melee: Unarmed           |    11 |       ||    11
       Mace              |    10 |       ||    10
       Dagger            |    11 |    61 ||    72
 Cast: Sandblast         |    26 |     9 ||    35
  Use: Scroll            |       |     4 ||     4
       Potion            |       |     1 ||     1
 Stab: Sleeping          |       |     3 ||     3
  Eat: Chunk             |     1 |     3 ||     4
Armor: Ring mail         |    23 |       ||    23
       Robe              |       |    20 ||    20
Dodge: Dodged            |    28 |    48 ||    76
Block: Buckler           |     7 |     4 ||    11
